 Dungeon Sprint DCSS version 0.30-a0-122-g2a1322497e (webtiles) character file.

Game seed: 8799349377175511262

434 fingers the Basher (level 7, -2/66 HPs)
             Began as a Vine Stalker Berserker on Sept 15, 2022.
             Was a Believer of Trog.
             Slain by Sonja
             ... wielding a +2 short sword of distortion
              (4 damage)
             ... in the Dungeon (Sprint I: "Red Sonja").
             The game lasted 00:01:44 (460 turns).

fingers the Basher (Vine Stalker Berserker)          Turns: 460, Time: 00:01:45

Health: -2/66      AC:  6    Str: 22    XL:     7   Next: 0%
Magic:  0/8        EV: 12    Int:  7    God:    Trog [**....]
Gold:   297        SH:  0    Dex: 13    Spells: 6/6 levels left

rFire   . . .      SeeInvis .    a - +0 mace
rCold   . . .      Faith    .    (no shield)
rNeg    . . .      Spirit   +    j - +0 ring mail
rPois   .          Reflect  .    (no helmet)
rElec   .          Harm     .    (no cloak)
rCorr   .          Rampage  .    (no gloves)
Will    .....      NoTele   +    (no boots)
Stlth   ..........               (no amulet)
HPRegen 1.01/turn                (no ring)
MPRegen 0.11/turn                (no ring)

@: berserking, slowed
A: fangs 2, regeneration 1, magic shield, antimagic bite, no potion heal 2
a: Renounce Religion, Berserk, Trog's Hand


You were in the Dungeon.
You worshipped Trog.
Trog was pleased with you.
You visited 1 branch You collected 297 gold pieces.

Inventory:

Hand Weapons
 a - a +0 mace (weapon)
Armour
 b - a +0 animal skin
 j - a +0 ring mail (worn)
Jewellery
 l - a ring of willpower
 m - a ring of willpower
Wands
 h - a wand of digging (2)
 i - a wand of flame (21)
Scrolls
 g - a scroll of blinking
Potions
 d - a potion of haste
 e - 2 potions of magic
 k - a potion of degeneration {unknown}


   Skills:
 + Level 8.3 Fighting
 + Level 8.6 Maces & Flails
 + Level 4.8 Armour
 + Level 4.4 Dodging


You had 6 spell levels left.
You didn't know any spells.
Your spell library was empty.

Dungeon Overview and Level Annotations

Branches:
Dungeon (1/1)

Altars:
Cheibriados
Dithmenos
Elyvilon
Fedhas
Gozag
Hepliaklqana
Kikubaaqudgha
Nemelex Xobeh
Okawaru
Qazlal
Ru
Sif Muna
Trog
Uskayaw
Vehumet
Wu Jian
Yredelemnul
Zin
The Shining One

Shops:
D (

Annotations:
D Sonja


Innate Abilities, Weirdness & Mutations

You have extremely sharp teeth.
Your natural rate of healing is unusually fast.
When hurt, damage is shared between your health and your magic reserves.
Your bite disrupts and absorbs the magic of your enemies.
Potions cannot restore your health.


Message History

You are more poisoned.
You have difficulty breathing.
You feel as though you will be slow longer.
You feel very sick.
There is an open door here.
You are too confused!
You feel very sick.
Sonja throws a curare-tipped dart.
The curare-tipped dart hits you.
You are more poisoned.
You have difficulty breathing.
You feel as though you will be slow longer.
You bump into the stone wall.
You feel very sick.
Sonja zaps a wand.
Your will is overpowered!
You are more confused.
Sonja throws a curare-tipped dart.
The curare-tipped dart barely misses you.
You feel very sick.
Sonja throws a curare-tipped dart.
The curare-tipped dart hits you.
You are lethally poisoned!
You have difficulty breathing.
* * * LOW HITPOINT WARNING * * *
You feel as though you will be slow longer.
Sonja zaps a wand.
You easily resist.
Your system rejects the healing.
You feel better.
Sonja zaps a wand.
You easily resist.
Sonja gestures wildly while chanting.
Sonja blinks!
You are too injured to fight recklessly!
Sonja zaps a wand.
You easily resist.
A red film seems to cover your vision as you go berserk!
You feel yourself moving faster!
You feel mighty!
Sonja hits you with a +2 short sword of distortion.
* * * LOW HITPOINT WARNING * * *
Space warps around you.
* * * LOW HITPOINT WARNING * * *
Sonja hits you with a +2 short sword of distortion.
* * * LOW HITPOINT WARNING * * *
Space warps around you.
You die...

################
#<.#..)..#..'..#
#..)..#..').#..+
#..#####'#####'#
#..####..#...#.#
#..#__####.@##.#
#..#_____##K#_.+
#⌠⌠#_.∩...†..._#
####_..__##_.#+#
#_____###'#
####### #.# $.$
$.$# ##.##


You could see Sonja.

Vanquished Creatures
  Sigmund (D)
  A yak (D)
  An ogre (D)
  A jelly (D)
  Ijyb (D)
5 creatures vanquished.

Notes
Turn   | Place    | Note
-------+----------+-------------------------------------------
     0 | D        | fingers the Vine Stalker Berserker began the quest for the
                  | Orb.
     0 | D        | Reached XP level 1. HP: 11/11 MP: 2/2
     2 | D        | Noticed Ijyb
     8 | D        | Killed Ijyb
     9 | D        | Reached XP level 2. HP: 16/17 MP: 1/3
     9 | D        | Reached XP level 3. HP: 20/21 MP: 1/4
   103 | D        | Noticed an ogre
   109 | D        | Killed an ogre
   110 | D        | Reached skill level 5 in Fighting
   110 | D        | Reached skill level 5 in Maces & Flails
   110 | D        | Gained mutation: Your natural rate of healing is unusually
                  | fast. [Vine Stalker growth]
   110 | D        | Reached XP level 4. HP: 11/28 MP: 2/5
   146 | D        | Noticed Sigmund
   152 | D        | Killed Sigmund
   152 | D        | Reached ** piety under Trog
   153 | D        | Reached XP level 5. HP: 33/33 MP: 6/6
   153 | D        | Reached XP level 6. HP: 38/38 MP: 7/7
   222 | D        | Found an ornate altar of the Wu Jian Council.
   222 | D        | Found a shimmering blue altar of Sif Muna.
   224 | D        | Found a radiant altar of Vehumet.
   384 | D        | Found Jacuydd's Weapon Emporium.
   384 | D        | Found an ancient bone altar of Kikubaaqudgha.
   384 | D        | Found a hazy altar of Hepliaklqana.
   384 | D        | Found a stormy altar of Qazlal.
   384 | D        | Found a hide-covered altar of Uskayaw.
   384 | D        | Found a blossoming altar of Fedhas.
   384 | D        | Found a bloodstained altar of Trog.
   384 | D        | Found an iron altar of Okawaru.
   384 | D        | Found a basalt altar of Yredelemnul.
   384 | D        | Found a glowing golden altar of the Shining One.
   384 | D        | Found a snail-covered altar of Cheibriados.
   384 | D        | Found a sacrificial altar of Ru.
   384 | D        | Found a glowing silver altar of Zin.
   384 | D        | Found a shadowy altar of Dithmenos.
   384 | D        | Found a white marble altar of Elyvilon.
   384 | D        | Noticed a yak
   387 | D        | Killed a yak
   388 | D        | Reached XP level 7. HP: 44/44 MP: 8/8
   424 | D        | Found an opulent altar of Gozag.
   439 | D        | Found a sparkling altar of Nemelex Xobeh.
   450 | D        | Noticed Sonja
   460 | D        | HP: 2/66 [Sonja/+2 short sword of distortion (5)]
   460 | D        | Slain by Sonja

Illustrated notes

Levels and vault maps discovered:
D:        dungeon_sprint_1 [red_sonja_temple_1, red_sonja_temple_small_1]

Skill      XL: |  1  2  3  4  5  6 |
---------------+-------------------+-----
Fighting       | 4 5 7 8 |  8.3
Maces & Flails | 4 5 7 8 |  8.6
Armour         | 2 3 4 |  4.8
Dodging        | 2 3 4 |  4.4

Action                   |  1- 3 |  4- 6 |  7- 9 || total
-------------------------+-------+-------+-------++-------
Melee: Mace              |    10 |     6 |       ||    16
       Bite              |     2 |     4 |       ||     6
Invok: Berserk           |     2 |     3 |       ||     5
  Use: Potion            |     1 |       |     2 ||     3
Armor: Ring mail         |       |     2 |       ||     2
Dodge: Dodged            |     1 |       |     2 ||     3

Table legend: (Time is in decaauts)
 A = Elapsed time spent in this place.
 B = Non-inter-level travel time spent in this place.
 C = Inter-level travel time spent in this place.
 D = Time resting spent in this place.
 E = Time spent auto-exploring this place.
 F = Levels seen in this place.
 G = Mean time per level.
                   A        B        C        D        E       F      G
               +--------+--------+--------+--------+--------+-----+--------+
         Total |    519 |    519 |      0 |    385 |      0 |   1 |  519.0 |
       Dungeon |    519 |    519 |      0 |    385 |      0 |   1 |  519.0 |
               +--------+--------+--------+--------+--------+-----+--------+

Top non-repeatable levels by time:
       D: 519 daAuts
